 Dungeon Crawl Stone Soup version 0.31-a0-348-g810772c3d7 (webtiles) character file.

Game seed: 5307113831674181848

59 AdnanSaban the Trooper (level 4, 0/29 HPs)
             Began as a Gargoyle Fighter on July 22, 2023.
             Slain by Sigmund
             ... wielding a +0 scythe
              (6 damage)
             ... on level 2 of the Dungeon.
             The game lasted 00:01:04 (1060 turns).

AdnanSaban the Trooper (Gargoyle Fighter)           Turns: 1060, Time: 00:01:05

Health: 0/29       AC: 10    Str: 22    XL:     4   Next: 3%
Magic:  4/4        EV:  9    Int:  8    God:
Gold:   54         SH:  0    Dex:  9    Spells: 3/3 levels left

rFire   . . .        a - +0 flail
rCold   . . .        c - +0 buckler
rNeg    + . .        b - +0 scale mail
rPois   ∞            (no helmet)
rElec   +            (no cloak)
rCorr   .            (no gloves)
SInv    .            (no boots)
Will    .....        (no amulet) Stlth
                     (no ring)
HPRegen 0.24/turn    (no ring)
MPRegen 0.09/turn

%: no passive effects
@: confused
A: sickness immunity, AC +3, negative energy resistance 1, electricity
resistance, torment resistance 1, petrification resistance
a: no special abilities


You were on level 2 of the Dungeon.
You visited 1 branch of the dungeon, and saw 2 of its levels.

You collected 54 gold pieces.

Inventory:

Hand Weapons
 a - a +0 flail (weapon)
Armour
 b - a +0 scale mail (worn)
 c - a +0 buckler (worn)
Jewellery
 i - a ring of protection from cold
Scrolls
 e - a scroll of blinking {unknown}
 h - a scroll of silence {unknown}
Potions
 d - a potion of might
 f - a potion of mutation {unknown}
 g - 2 potions of degeneration {unknown}
 j - a potion of cancellation {unknown}
 k - a potion of brilliance {unknown}


   Skills:
 + Level 3.9 Fighting
 + Level 2.7 Maces & Flails
 + Level 3.8 Armour
 + Level 0.3 Dodging
 + Level 3.6 Shields


You had 3 spell levels left.
You didn't know any spells.
Your spell library contained the following spells:

 Spells                   Type           Power      Damage    Failure   Level
 Magic Dart               Conj           0%         1d3       80%         1
 Call Imp                 Summ           0%         N/A       90%         2
 Mephitic Cloud           Conj/Pois/Air  0%         N/A       99%         3


Dungeon Overview and Level Annotations

Branches:
Dungeon (2/15)

Altars:

Annotations:
D:2 Sigmund


Innate Abilities, Weirdness & Mutations

You are immune to sickness and miasma.
Your stone body is resilient. (AC +3)
You are immune to poison.
You resist negative energy. (rN+)
You are resistant to electric shocks. (rElec)
You are resistant to unholy torment.
You are immune to petrification.


Message History

No target in view!
No target in view!
No target in view!
No target in view!
No target in view!
No target in view!
No target in view!
No target in view!
No target in view!
No target in view!
No target in view!
No target in view!
No target in view!
No target in view!
No target in view!
No target in view!
No target in view!
No target in view!
No target in view!
Unknown command.
You block something's attack.
You see here 3 poisoned darts.
You closely miss something. You hit something.
Something hits you but does no damage.
You barely miss something. Something hits you!
You closely miss something. Something hits you but does no damage.
You closely miss something. Something hits you but does no damage.
You hit something.
You hear some strange, mumbled words.
A magic dart appears from out of thin air!
The magic dart hits you!
* * * LOW HITPOINT WARNING * * *
You hit something. Something hits you but does no damage.
You closely miss something.
You hear some strange, mumbled words.
You are confused.
You hear some strange, mumbled words.
You are more confused.
You miss something. Something hits you.
You die...

.#.#.### ...#...#
...###.# #..###.##
##......#############
.#.##.#.......#.....##
.#.##.)..............##
.######...............#
## #.......>.@.....#
#........({.(...#
#...............#
#..........)....#
#...............#
##.........?...##
##.....#.....##
#############


There were no monsters in sight!

Vanquished Creatures
  A gnoll (D:1)
  2 adders (D:2)
  A worm (D:2)
  A dart slug (D:1)
  5 endoplasms
  3 hobgoblins (D:1)
  3 kobolds
  A quokka (D:1)
  2 ball pythons (D:1)
  5 bats
  2 frilled lizards
  A goblin (D:1)
  2 rats (D:1)
29 creatures vanquished.

Notes
Turn   | Place    | Note
-------+----------+-------------------------------------------
     0 | D:1      | AdnanSaban the Gargoyle Fighter began the quest for the
                  | Orb.
     0 | D:1      | Reached XP level 1. HP: 14/14 MP: 1/1
   111 | D:1      | Reached XP level 2. HP: 19/19 MP: 2/2
   288 | D:1      | Reached XP level 3. HP: 19/24 MP: 3/3
  1009 | D:2      | Reached XP level 4. HP: 26/29 MP: 4/4
  1040 | D:2      | Noticed Sigmund
  1060 | D:2      | Slain by Sigmund

Illustrated notes

Levels and vault maps discovered:
D:1:      psy_arrival_radial01, layout_loops_ring
D:2:      layout_rooms, serial_shops, shop, uniq_sigmund

Action                     |  1- 3 |  4- 6 || total
---------------------------+-------+-------++-------
  Melee: Flail             |   104 |    17 ||   121
 Armour: Scale mail        |    64 |     9 ||    73
  Dodge: Dodged            |    62 |     5 ||    67
  Block: Buckler           |    17 |     3 ||    20

Table legend: (Time is in decaauts)
 A = Elapsed time spent in this place.
 B = Non-inter-level travel time spent in this place.
 C = Inter-level travel time spent in this place.
 D = Time resting spent in this place.
 E = Time spent auto-exploring this place.
 F = Levels seen in this place.
 G = Mean time per level.
                   A        B        C        D        E       F      G
               +--------+--------+--------+--------+--------+-----+--------+
         Total |   1097 |   1082 |     15 |      0 |    818 |   2 |  548.5 |
       Dungeon |   1097 |   1082 |     15 |      0 |    818 |   2 |  548.5 |
               +--------+--------+--------+--------+--------+-----+--------+

Top non-repeatable levels by time:
     D:1: 856 daAuts
     D:2: 240 daAuts
